AoeStats
← 虚弱

African Clearing

511088228Analyzed
4v4 RM · 5h ago on Oct 3, 2026· 51m 19s· 8 players
Game mode
Random Map
Map size
Large (8 player)
Population
200
Speed
Normal
Resources
Standard
Victory
Conquest
Starting age
Dark Age
Ending age
Imperial Age
RankedLock teamsTeams togetherTeam positionsShared explorationLock speedFull tech treeHidden civsTurbo modeCheats
Victory
Defeat
🇲🇽 Huns · Mexico
1570
+15
🇨🇱 Huns · Chile
1525
+17
🇨🇳 Mongols · China
1509
+17
🇲🇽 Mongols · Mexico
1448
+20
🇨🇳 Varangians · China
1583
-19
🇨🇳 Berbers · China
1578
-19
🇨🇳 Khmer · China
1574
-19
🇨🇳 Franks · China
1421
-12
[VL] Shile Shilaca 8.80
4:18 Loom
13:58 Feudal Age
15:18 Double-Bit Axe
18:13 Castle Age
17:24 Fletching
19:11 Bow Saw
19:59 Bodkin Arrow
26:19 Padded Archer Armor
27:33 Bloodlines
27:24 Husbandry
28:05 Wheelbarrow
34:00 Ballistics
38:08 Imperial Age
38:17 Heavy Cavalry Archer
39:04 Thumb Ring
39:26 Parthian Tactics
39:38 Conscription
39:20 Bracer
40:42 Leather Archer Armor
44:06 Chemistry
44:09 Hand Cart
46:06 Pikeman
46:46 Squires
46:58 Forging
46:37 Halberdier
47:18 Scale Mail Armor
48:07 Arson
48:39 Chain Mail Armor
49:00 Iron Casting
49:31 Iron Casting
ArNuL
4:14 Loom
11:39 Feudal Age
16:56 Castle Age
15:36 Double-Bit Axe
16:18 Gold Mining
17:24 Fletching
17:50 Bow Saw
19:16 Fletching
24:08 Bodkin Arrow
24:38 Horse Collar
25:50 Padded Archer Armor
27:18 Wheelbarrow
27:41 Town Watch
28:19 Bloodlines
28:51 Husbandry
29:21 Stone Mining
31:57 Hand Cart
32:45 Leather Archer Armor
34:22 Ballistics
34:37 Thumb Ring
42:21 Imperial Age
42:25 Elite Mangudai
43:07 Bracer
44:12 Chemistry
43:13 Capped Ram
44:49 Parthian Tactics
45:41 Hoardings
46:25 Gold Shaft Mining
49:06 Siege Ram
50:39 Drill
50:41 Conscription
牛比无极限
6:03 Loom
12:49 Feudal Age
18:25 Castle Age
17:14 Double-Bit Axe
17:13 Horse Collar
23:04 Wheelbarrow
31:48 Bloodlines
31:30 Fletching
38:10 Imperial Age
37:59 Bow Saw
39:18 Conscription
39:55 Ballistics
41:03 Bodkin Arrow
41:09 Padded Archer Armor
41:12 Husbandry
42:13 Hand Cart
41:50 Elite Mangudai
43:44 Bracer
44:00 Leather Archer Armor
47:51 Drill
47:32 Nomads
48:35 Chemistry
47:41 Siege Engineers
50:26 Thumb Ring
50:46 Parthian Tactics
50:08 Capped Ram
[CL] ßitokø × 1876
5:35 Loom
13:02 Feudal Age
13:34 Double-Bit Axe
15:30 Forging
23:26 Castle Age
21:58 Horse Collar
22:10 Gold Mining
23:39 Pikeman
29:01 Bloodlines
28:51 Husbandry
29:02 Husbandry
29:21 Scale Barding Armor
30:56 Wheelbarrow
31:59 Chain Barding Armor
38:00 Iron Casting
37:35 Bow Saw
38:43 Hand Cart
40:53 Bow Saw
45:39 Imperial Age
43:40 Heavy Plow
44:06 Scale Mail Armor
44:07 Squires
43:53 Arson
45:40 Capped Ram
45:42 Halberdier
46:44 Conscription
46:41 Chain Mail Armor
47:26 Blast Furnace
47:27 Two-Man Saw
46:20 Stone Mining
46:53 Siege Ram
50:27 Town Watch
50:49 Fletching
51:36 Plate Barding Armor
51:02 Padded Archer Armor
虚弱
12:19 Feudal Age
11:27 Loom
13:33 Feudal Age
16:20 Castle Age
15:06 Double-Bit Axe
15:06 Horse Collar
15:28 Town Watch
17:41 Bow Saw
26:59 Husbandry
28:14 Wheelbarrow
28:06 Heavy Plow
29:08 Fletching
32:39 Imperial Age
30:58 Husbandry
31:08 Bloodlines
32:09 Scale Barding Armor
32:15 Forging
34:02 Chain Barding Armor
34:50 Conscription
34:27 Cavalier
36:58 Plate Barding Armor
37:41 Gold Mining
38:13 Bodkin Arrow
38:54 Iron Casting
39:10 Light Cavalry
39:40 Capped Ram
40:47 Elite Battle Elephant
43:35 Blast Furnace
43:29 Gold Shaft Mining
45:07 Tusk Swords
44:34 Siege Ram
[Fx、]AirDk
3:28 Loom
12:27 Feudal Age
13:02 Double-Bit Axe
21:50 Castle Age
20:31 Scale Barding Armor
23:03 Chain Barding Armor
39:56 Town Watch
40:14 Gold Mining
41:22 Forging
43:21 Wheelbarrow
47:59 Bow Saw
肥肠拌面
3:30 Loom
13:15 Feudal Age
18:13 Castle Age
17:54 Double-Bit Axe
19:30 Husbandry
20:31 Bow Saw
32:29 Imperial Age
30:36 Scale Barding Armor
30:42 Forging
31:46 Chain Barding Armor
33:18 Iron Casting
32:33 Cavalier
39:16 Wheelbarrow
40:04 Paladin
42:13 Plate Barding Armor
46:07 Hand Cart
给你一棒槌
14:02 Feudal Age
14:02 Loom
14:59 Double-Bit Axe
17:51 Castle Age
15:49 Fishing Lines
18:34 Gillnets
20:54 Bow Saw
20:40 Gold Mining
22:09 Forging
24:27 Scale Barding Armor
25:32 Fletching
29:38 Ballistics
35:31 Stone Mining
36:37 Chain Barding Armor
37:31 Bloodlines
37:22 Husbandry
37:45 Bodkin Arrow
42:48 Stone Shaft Mining
45:15 Masonry
46:34 Wheelbarrow
45:45 Town Watch
50:14 Imperial Age
48:22 Wheelbarrow
48:30 Treadmill Crane
Connection lost

Rejoining the realm…

Still unreachable

The connection could not be restored.

Session expired

The server has moved on; the page needs a fresh start.